 Dungeon Crawl Stone Soup version 0.30.0-18-gc0e69614cb (webtiles) character file.

Game seed: 18327873204706584408

198 foggy the Trooper (level 5, -6/42 HPs)
             Began as a Minotaur Fighter on May 24, 2023.
             Was a Believer of Hepliaklqana.
             Killed from afar by an electric eel (8 damage)
             ... with a bolt of electricity
             ... on level 3 of the Dungeon.
             The game lasted 00:08:41 (2159 turns).

foggy the Trooper (Minotaur Fighter)                Turns: 2159, Time: 00:08:42

Health: -6/42      AC:  8    Str: 23    XL:     5   Next: 47%
Magic:  4/4        EV:  9    Int:  5    God:    Hepliaklqana [**....]
Gold:   238        SH:  4    Dex:  9    Spells: 4/4 levels left

rFire   . . .        a - +1 war axe
rCold   . . .        c - +0 buckler
rNeg    . . .        b - +0 scale mail
rPois   .            (helmet restricted)
rElec   .            (no cloak)
rCorr   .            m - +0 pair of gloves
SInv    +            (no boots)
Will    .....        (no amulet) Stlth
                     l - ring of see invisible
HPRegen 0.27/turn    (no ring)
MPRegen 0.09/turn

%: no passive effects
@: no status effects
A: reduced essence, horns 2, retaliatory headbutt
a: Renounce Religion, Ancestor Life: Knight, Ancestor Life: Battlemage, Ancestor
Life: Hexer, Recall Ancestor, Ancestor Identity


You were on level 3 of the Dungeon.
You worshipped Hepliaklqana.
Hepliaklqana was pleased with you.
You visited 1 branch of the dungeon, and saw 3 of its levels.

You collected 238 gold pieces.

Inventory:

Hand Weapons
 a - a +1 war axe (weapon)
Missiles
 o - a throwing net (quivered)
Armour
 b - a +0 scale mail (worn)
 c - a +0 buckler (worn)
 m - a +0 pair of gloves (worn)
Jewellery
 l - a ring of see invisible (left hand)
Wands
 p - a wand of flame (24)
Scrolls
 e - a scroll of enchant weapon
 f - a scroll of immolation {unknown}
 g - 3 scrolls of amnesia
 h - a scroll of identify
 i - a scroll of enchant armour {unknown}
 j - a scroll of vulnerability {unknown}
 k - a scroll of fear {unknown}
Potions
 d - a potion of might


   Skills:
 + Level 4.9 Fighting
 + Level 4.2 Axes
 + Level 4.9 Armour
 + Level 0.7 Dodging
 + Level 0.1 Stealth
 + Level 4.3 Shields


You had 4 spell levels left.
You didn't know any spells.
Your spell library contained the following spells:

 Spells                   Type           Power      Damage    Failure   Level
 Summon Small Mammal      Summ           0%         N/A       83%         1
 Call Canine Familiar     Summ           0%         N/A       99%         3
 Summon Guardian Golem    Hex/Summ       0%         N/A       99%         3
 Summon Forest            Summ/Tloc      0%         N/A       100%        5
 Summon Mana Viper        Hex/Summ       0%         N/A       100%        5
 Summon Cactus Giant      Summ           0%         N/A       100%        6


Dungeon Overview and Level Annotations

Branches:
Dungeon (3/15)

Altars:
Hepliaklqana
Wu Jian

Annotations:
D:3 1 transporter


Innate Abilities, Weirdness & Mutations

Your life essence is reduced to manifest your ancestor. (-10% HP)
You have a pair of horns on your head.
You reflexively headbutt those who attack you in melee.


Message History

The electric eel shoots out a bolt of lightning at you!
The bolt of electricity hits you! The bolt of electricity hits you.
* * * LOW HITPOINT WARNING * * *
The bolt of electricity hits the plant!
The plant begins to die.
There is an open door here.
Aiming: Throw Flame
Press: ? - help, Shift-Dir - straight line, f - electric eel
Aim: an electric eel (ally target, 48% to hit)
The puff of flame misses the electric eel.
The electric eel is engulfed in a cloud of scalding steam.
Margie hits the plant.
Aiming: Throw Flame
Press: ? - help, Shift-Dir - straight line, f/p - electric eel
Aim: an electric eel (steam, severely wounded, ally target, 48% to hit)
The puff of flame hits the electric eel.
You kill the electric eel!
The electric eel shoots out a bolt of lightning at you!
The bolt of electricity hits you.
* * * LOW HITPOINT WARNING * * *
The bolt of electricity hits you.
* * * LOW HITPOINT WARNING * * *
The bolt of electricity hits the plant!
Your Axes skill increases to level 4!
It was a potion of heal wounds.
You feel much better.
The electric eel shoots out a bolt of lightning at you!
The bolt of electricity hits you! x2
* * * LOW HITPOINT WARNING * * *
The bolt of electricity hits the plant!
You feel much better.
A nearby plant withers and dies. x2
The electric eel shoots out a bolt of lightning at you!
The bolt of electricity hits you! x2
* * * LOW HITPOINT WARNING * * *
The bolt of electricity hits Margie!
The electric eel shoots out a bolt of lightning at you!
The bolt of electricity misses you.
You hit the electric eel. Your headbutt misses the electric eel.
The electric eel is moderately wounded.
The electric eel shoots out a bolt of lightning at you!
The bolt of electricity hits you!
You die...

#.......#.........####
##.....................
#..(.©............#####
#.#######..#####.## #.#8.©.8#..#
#.## #.#~...~#..#####..#####
#.###R###.....###...##.
#.#~...S#...#...###.##. #####
#.#~..@~#...###...#.#.. ....#
#.#~...~#....####.#.... ....#
#.#~.♣.~#............#. ....#
#.#~...~#.....##.......
....#######.#~...~#..##..........
..........<.#~...~#..####........
....#.#.###.###+###..# #.........
†.......# #.#P./.P#..###.........
..†.#.#)# #.#8.©.8#..............


You could see the friendly Margie the ancestor and an electric eel (ally
target).

Vanquished Creatures
  An electric eel (D:3)
  5 adders
  A worm (D:3)
  A dart slug (D:2)
  3 orcs (D:3)
  5 ball pythons
  2 endoplasms
  3 giant cockroaches
  7 goblins
  7 hobgoblins
  3 jackals
  6 kobolds
  2 quokkas (D:2)
  6 bats
  A frilled lizard (D:1)
  5 rats
58 creatures vanquished.

Vanquished Creatures (collateral kills)
  An orc priest (D:3)
  An adder (D:2)
  A giant cockroach (D:2)
  A goblin (D:3)
  A jackal (D:3)
  2 ball pythons
  A frilled lizard (D:2)
8 creatures vanquished.

Grand Total: 66 creatures vanquished

Notes
Turn   | Place    | Note
-------+----------+-------------------------------------------
     0 | D:1      | foggy the Minotaur Fighter began the quest for the Orb.
     0 | D:1      | Reached XP level 1. HP: 19/19 MP: 0/0
   135 | D:1      | Reached XP level 2. HP: 27/27 MP: 1/1
   489 | D:1      | Found a faded altar of an unknown god.
   699 | D:1      | Prayed at the altar of an unknown god.
   699 | D:1      | Became a worshipper of Hepliaklqana the Forgotten
   699 | D:1      | Reached * piety under Hepliaklqana
   787 | D:2      | Reached XP level 3. HP: 27/29 MP: 2/2
  1108 | D:2      | Reached XP level 4. HP: 36/36 MP: 3/3
  1217 | D:2      | Reached ** piety under Hepliaklqana
  1535 | D:3      | Found a transporter.
  1704 | D:3      | Found an ornate altar of the Wu Jian Council.
  1958 | D:3      | Reached XP level 5. HP: 11/42 MP: 4/4
  2072 | D:3      | Found a transporter.
  2156 | D:3      | HP: 1/42 [electric eel/bolt of electricity (14)]
  2159 | D:3      | Killed from afar by an electric eel

Illustrated notes

Levels and vault maps discovered:
D:1:      dpeg_arrival_prison, layout_loops_cross,
          hellmonk_ecumenical_altar_dog_temple, chequers_serial_rivers_marsh
D:2:      layout_basic, minmay_tall_x
D:3:      gammafunk_steamed_eel, layout_rooms, nzn_wu_jian_council_hall,
          serial_glass, glass_columns_c, glass_columns_a, glass_columns_a,
          glass_columns_a, glass_columns_b, glass_columns_c, minmay_bisected

Skill      XL: |  1  2  3  4  5 |
---------------+----------------+-----
Fighting       | 4 |  4.9
Armour         | 4 |  4.9
Axes           | 3 4 |  4.2
Shields        | 4 |  4.3
Dodging        | |  0.7
Stealth        | |  0.1

Action                     |  1- 3 |  4- 6 || total
---------------------------+-------+-------++-------
  Melee: War axe           |    64 |    40 ||   104
         Headbutt          |    11 |     6 ||    17
 Invoke: Ancestor Identity |       |     1 ||     1
  Evoke: Wand              |       |     2 ||     2
    Use: Scroll            |     3 |       ||     3
         Potion            |       |     2 ||     2
 Armour: Scale mail        |    37 |    19 ||    56
  Dodge: Dodged            |    31 |    19 ||    50
  Block: Buckler           |    10 |    13 ||    23
